 Dungeon Crawl Stone Soup version 0.32-a0-612-g1c984fe9d1 (webtiles) character file.

Game seed: 9249137901425368276

47885 Ambrosia the Spry (level 14, -14/129 HPs)
             Began as a Minotaur Gladiator on Mar 4, 2024.
             Was a High Priest of Wu Jian.
             Demolished by a death yak (19 damage)
             ... on level 2 of the Lair of Beasts.
             The game lasted 00:39:00 (17232 turns).

Ambrosia the Spry (Minotaur Gladiator)             Turns: 17232, Time: 00:39:01

Health: -14/129    AC: 17    Str: 23    XL:     14   Next: 10%
Magic:  13/13      EV: 21    Int:  5    God:    Wu Jian [*****.]
Gold:   2008       SH:  5    Dex: 16    Spells: 13/13 levels left

rFire   + . .        a - +1 quarterstaff (spect)
rCold   + + .        (shield currently unavailable)
rNeg    . . .        B - +0 acid dragon scales
rPois   +            c - +1 hat
rElec   +            o - +0 cloak
rCorr   +            N - +0 pair of gloves
SInv    +            H - +2 pair of boots {rampage}
Will    +....        l - amulet of Ashenzari's Grace {Reflect rC+ Str+3 SH+5}
Stlth   +            v - ring of see invisible
HPRegen 0.41/turn    (no ring)
MPRegen 0.13/turn

%: reflection, rampage
@: resistant, hasted, studying Air Magic, very quick
A: horns 2, retaliatory headbutt
a: Renounce Religion, Wall Jump, Serpent's Lash, Heavenly Storm


You were on level 2 of the Lair of Beasts.
You worshipped Wu Jian.
Wu Jian was extremely pleased with you.
You visited 4 branches of the dungeon, and saw 18 of its levels.
You also visited: Gauntlet.

You collected 2008 gold pieces.


Innate Abilities, Weirdness & Mutations

You have a pair of horns on your head.
You reflexively headbutt those who attack you in melee.


   Skills:
 + Level 13.5 Fighting
 + Level 13.8 Staves
 - Level 2.0 Throwing
 + Level 13.3 Armour
 * Level 17.3 Dodging


You had 13 spell levels left.
You didn't know any spells.
Your spell library contained the following spells:

 Spells                   Type           Power      Damage    Failure   Level
 Sting                    Conj/Alch      0%         1d3       54%         1
 Summon Small Mammal      Summ           0%         N/A       54%         1
 Ensorcelled Hibernation  Hex/Ice        0%         N/A       67%         2
 Jinxbite                 Hex            0%         N/A       67%         2
 Mercury Vapours          Alch/Air       0%         N/A       67%         2
 Call Canine Familiar     Summ           0%         N/A       88%         3
 Frozen Ramparts          Ice            0%         1d1       88%         3
 Inner Flame              Hex/Fire       0%         N/A       88%         3
 Ozocubu's Armour         Ice            0%         N/A       88%         3
 Tukima's Dance           Hex            0%         N/A       88%         3
 Airstrike                Air            0%         2d(0-16)  99%         4
 Animate Dead             Necr           0%         N/A       99%         4
 Olgreb's Toxic Radiance  Alch           0%         N/A       99%         4
 Passage of Golubria      Tloc           0%         N/A       99%         4
 Summon Blazeheart Golem  Fire/Summ      0%         N/A       99%         4
 Borgnjor's Vile Clutch   Necr/Erth      0%         N/A       100%        5
 Irradiate                Conj/Alch      0%         3d11      100%        5
 Metabolic Englaciation   Hex/Ice        0%         N/A       100%        5
 Summon Forest            Summ/Tloc      0%         N/A       100%        5
 Yara's Violent Unravell  Hex/Alch       0%         3d3       100%        5
 Death Channel            Necr           0%         N/A       100%        6
 Sculpt Simulacrum        Ice/Alch       0%         N/A       100%        6
 Enfeeble                 Hex            0%         N/A       100%        7
 Ignition                 Fire           0%         3d3       100%        8
 Dragon's Call            Summ           0%         N/A       100%        9

Inventory:

Hand Weapons
 a - a +1 spectral quarterstaff (weapon)
 r - a +2 heavy quarterstaff
   (You took it off Crazy Yiuf on level 2 of the Dungeon)
 G - the +8 great sword of Festooned True Grit {speed, Str+4}
   (You found it in a Gauntlet)

   Str+4:     It affects your strength (+4).
Missiles
 e - 17 javelins
 i - 34 poisoned darts
 w - 6 curare-tipped darts {=f}
 x - 15 boomerangs
Armour
 c - a +1 hat (worn)
 o - a +0 cloak (worn)
   (You took it off Crazy Yiuf on level 2 of the Dungeon)
 B - +0 acid dragon scales (worn)
   (You took it off Maggie on level 7 of the Dungeon)
 H - a +2 pair of boots of rampaging (worn)
   (You found it in a Gauntlet)
 N - a +0 pair of gloves (worn)
   (You found it on level 3 of the Lair of Beasts)
Jewellery
 l - the amulet of Ashenzari's Grace (around neck) {Reflect rC+ Str+3 SH+5}
   (You found it on level 2 of the Dungeon)

   [amulet of reflection]

   Reflect:   It reflects blocked missile attacks.
   Str+3:     It affects your strength (+3).
   rC+:       It protects you from cold.
   SH+5:      It affects your SH (+5).
 v - a ring of see invisible (left hand)
   (You found it in a Gauntlet)
 C - a ring of ice
   (You found it on level 3 of the Lair of Beasts)
Wands
 d - a wand of warping (1)
   (You found it in a Gauntlet)
 g - a wand of digging (2)
   (You found it on level 3 of the Dungeon)
 u - a wand of flame (27)
   (You found it on level 6 of the Dungeon)
 E - a wand of charming (9)
   (You found it in a Gauntlet)
 F - a wand of light (9)
   (You took it off Maggie on level 7 of the Dungeon)
 M - a wand of polymorph (20)
   (You found it on level 5 of the Dungeon)
 P - a wand of mindburst (7)
   (You found it on level 4 of the Lair of Beasts)
Scrolls
 b - a scroll of fog
 p - 4 scrolls of poison
 s - 6 scrolls of vulnerability
 y - a scroll of torment
 I - 4 scrolls of identify
 K - 2 scrolls of revelation
Potions
 f - a potion of berserk rage
 h - 2 potions of attraction
 j - 6 potions of curing
 k - 4 potions of brilliance
 m - 3 potions of lignification
 n - 2 potions of enlightenment
 q - a potion of might
 t - 2 potions of degeneration
 z - 2 potions of mutation

Dungeon Overview and Level Annotations

Branches:
Dungeon (11/15) Zot: 26956  Temple (1/1) D:4 Zot: 5979    Lair (5/5) D:9 Zot: 22887
 Shoals (0/4) Lair:2       Spider (0/4) Lair:3        Slime (1/5) Lair:4 Zot: 5998
Gauntlet (visited)
    Orc: D:9-12

Altars:
Ashenzari
Cheibriados
Dithmenos
Elyvilon
Fedhas
Gozag
Hepliaklqana
Kikubaaqudgha
Makhleb
Nemelex Xobeh
Okawaru
Qazlal
Ru
Sif Muna
Trog
Uskayaw
Vehumet
Wu Jian
Xom
Yredelemnul
Zin
The Shining One
Jiyva

Shops:
D:7

: # ###.........####
# #########....# #
##...# # ######P.P#
###.#.##.'###
#..>?.......##
#.?.........# #
##.......YYY## #
##........Y@†.#
##......<.....## #
#≈..≈.........#
#####.≈#........!..#
...†.≈#≈..#........#
###..#≈...#≈.......#
.###≈.....#≈......##
## .......#≈......#
##..#####≈......#


You could see 3 death yaks and a yak.


Message History

You take 60 damage, and now have 69/129 hp.
MASSIVE DAMAGE!! (PAUSE) Unknown command.
You spin and attack the death yak repeatedly.
You hit the death yak. You completely miss the death yak.
You spin and attack the yak repeatedly.
You sock the yak!
You kill the yak!
The Council accepts your kill.
Your +1 spectral quarterstaff hits the death yak but does no damage. x2
The death yak gores your +1 spectral quarterstaff!!
Your spectral weapon shares its damage with you!
Your +1 spectral quarterstaff disappears.
* * * LOW HITPOINT WARNING * * *
The death yak gores you but does no damage. 😨 HP[-14]
You take 14 damage, and now have 55/129 hp.
There is nothing to wall jump against here.
Unknown command.
Aiming: Wall Jump
Press: ? - help, Dir - move target You repeatedly attack the death yak from above.
You barely miss the death yak. You sock the death yak!
You barely miss the death yak. You sock the death yak!
You repeatedly attack the yak from above.
You closely miss the yak. You sock the yak! You barely miss the yak.
You hit the yak.
You repeatedly attack the death yak from above.
You hit the death yak. You barely miss the death yak.
You hit the death yak but do no damage. x2
You repeatedly attack the death yak from above.
You hit the death yak but do no damage. x3; You barely miss the death yak.
Your +1 spectral quarterstaff hits the death yak!
Your +1 spectral quarterstaff barely misses the death yak. x2
Your +1 spectral quarterstaff hits the death yak!
Your +1 spectral quarterstaff hits the death yak but does no damage. x2
Your +1 spectral quarterstaff barely misses the death yak.
Your +1 spectral quarterstaff hits the death yak but does no damage.
Your +1 spectral quarterstaff hits the yak but does no damage. x2
Your +1 spectral quarterstaff completely misses the yak.
Your +1 spectral quarterstaff hits the yak.
Your +1 spectral quarterstaff hits the death yak but does no damage. x2
Your +1 spectral quarterstaff hits the death yak.
Your +1 spectral quarterstaff hits the death yak!
The death yak gores your +1 spectral quarterstaff!
Your spectral weapon shares its damage with you!
* * * LOW HITPOINT WARNING * * *
The yak misses you.
The death yak gores your +1 spectral quarterstaff!
Your spectral weapon shares its damage with you!
* * * LOW HITPOINT WARNING * * *
The death yak misses you. The death yak gores you.
* * * LOW HITPOINT WARNING * * *
The death yak gores your +1 spectral quarterstaff!
Your spectral weapon shares its damage with you!
Your +1 spectral quarterstaff disappears.
* * * LOW HITPOINT WARNING * * *
You block the yak's attack.
The death yak gores you but does no damage.
The death yak barely misses you. The death yak gores you.
* * * LOW HITPOINT WARNING * * *
😨 HP[-22]
You take 22 damage, and now have 33/129 hp.
Unknown command.
Okay, then.
Okay, then.
Okay, then.
Aiming: Warp Space
Press: ? - help, Shift-Dir - straight line, f - you That beam is likely to hit you.
Continue anyway?
Space twists violently!
The rupture engulfs you but does no damage.
The rupture engulfs the death yak but does no damage.
The rupture engulfs the yak!
The rupture engulfs the death yak!
You kill the death yak!
The Council accepts your kill.
The rupture engulfs the death yak!
The yak barely misses you. The death yak misses you.
The death yak closely misses you. You furiously retaliate!
You headbutt the death yak.
Unknown command.
Hit: a) +1 quarterstaff (spect)
Press: ? - help, Dir - move target, f - you
Okay, then.
Okay, then.
It was a potion of curing.
You feel better. The death yak gores you!
* * * LOW HITPOINT WARNING * * *
The yak completely misses you. The death yak gores you!
* * * LOW HITPOINT WARNING * * *
The death yak gores you.
* * * LOW HITPOINT WARNING * * *
😱 HP[-15]
You take 15 damage, and now have 18/129 hp.
You feel protected. The death yak completely misses you.
You block the yak's attack. The death yak misses you.
The death yak completely misses you.
Unknown command.
It was a potion of haste.
You feel yourself speed up. The death yak completely misses you.
The yak gores you!
* * * LOW HITPOINT WARNING * * *
The death yak completely misses you. The death yak gores you!!
You die...

Skill      XL: |  1  2  3  4  5  6  7  8  9 10 11 12 13 |
---------------+----------------------------------------+-----
Armour         | 1 2 3 4 6 7 9 10 11 13 | 13.3
Staves         | 4 5 6 7 8 9 11 12 13 | 13.8
Fighting       | 3 4 5 6 8 9 10 12 13 | 13.5
Dodging        | 5 6 7 8 10 12 13 15 17 | 17.3
Throwing       | |  2.0

Action                     |  1- 3 |  4- 6 |  7- 9 | 10-12 | 13-15 || total
---------------------------+-------+-------+-------+-------+-------++-------
  Melee: Quarterstaff      |    67 |    58 |   192 |   628 |   423 ||  1368
         Headbutt          |     8 |    10 |    47 |   150 |   100 ||   315
  Throw: Throwing net      |       |     1 |     4 |     2 |       ||     7
         Javelin           |       |     1 |       |       |       ||     1
 Invoke: Serpent's Lash    |       |       |       |     1 |     2 ||     3
         Heavenly Storm    |       |       |       |       |     1 ||     1
Ability: Lunge             |       |     1 |    13 |    36 |    22 ||    72
         Wall Jump         |       |       |       |    30 |    26 ||    56
         Whirlwind         |       |       |       |    39 |    46 ||    85
  Evoke: Wand              |       |       |       |    10 |     3 ||    13
    Use: Scroll            |     3 |     8 |     5 |    10 |     6 ||    32
         Potion            |       |     1 |     1 |     3 |     9 ||    14
   Stab: Distracted        |     1 |     1 |     1 |     7 |     4 ||    14
         Sleeping          |       |       |     1 |       |     1 ||     2
         Held in net/web   |       |       |     2 |       |       ||     2
         Invisible         |       |       |       |     3 |       ||     3
 Armour: Leather armour    |    23 |    23 |    56 |       |       ||   102
         Acid dragon scale |       |       |    23 |   270 |    91 ||   384
         Skin              |       |       |       |       |    43 ||    43
  Dodge: Dodged            |    34 |    29 |   110 |   357 |   133 ||   663
  Block: Other             |       |    10 |    31 |    86 |    32 ||   159
         Reflection        |       |     2 |       |     4 |     1 ||     7

Levels and vault maps discovered:
D:1:      saegor_arrival_simple_d, layout_basic
D:2:      layout_basic, serial_undead, serial_undead_f, serial_undead_c,
          serial_undead_f, serial_undead_c, serial_undead_a, basic_altar,
          minmay_tetromino_i4, uniq_robin, uniq_crazy_yiuf_cottage, uniq_sigmund
D:3:      layout_basic, serial_bayou_pond_c, nicolae_twisty_statue_hallways
D:4:      layout_rooms, kb_xom_exploding_sheep, minmay_temple_entry_tees,
          hex_medium
D:5:      layout_gridville
D:6:      layout_loops_ring, nicolae_elyvilon_temple_path,
          yredelemnul_altar_generic, bh_walls_and_bars, uniq_pikel
D:7:      layout_rooms, hellmonk_sif_muna_bookshelves,
          nicolae_hepliaklqana_hippocampus, serial_shops,
          nicolae_book_shop_shelving, uniq_maggie
D:8:      layout_basic, old_standard_altar, hangedman_ru_absence,
          mainiacjoe_overflow_large_starburst, nrook_campfire, uniq_amaemon
D:9:      argonaut_augean_stables, layout_cave_pools,
          mainiacjoe_overflow_small_starburst, lair_entry_dummy, minivault_16,
          hangedman_weighted_door, uniq_jeremiah
D:10:     layout_irregular_city, lemuel_coloured_pillars_altar,
          mainiacjoe_overflow_chevrons, uniq_snorg
D:11:     layout_rooms, hiddenorc1_lemuel, serial_corexii_hall,
          chequers_hall_statues_y, chequers_hall_statues_corner_a,
          chequers_hall_statues_wall_a, chequers_hall_statues_y,
          corexii_hall_statues_t, corexii_hall_statues_s, bloody_makhleb
Temple:   eino_temple_lava
Lair:1:   layout_gridlike, basic_altar, gauntlet_entry_generic,
          infiniplex_staircase_pool_2
Lair:2:   layout_roguey, nicolae_shoals_entry_roost, portal_ice_cave_rime,
          uniq_erica
Lair:3:   layout_roguey, spider_nest_entry_web_field, st_stairs_6,
          minmay_lair_oklob_items, kennysheep_abandoned_house,
          serial_bayou_shore_b, serial_bayou_shore_b
Lair:4:   layout_layer_cave, nicolae_slime_entry_field_trip
Lair:5:   evilmike_catoblepas_cave, layout_gridlike
Slime:1:  layout_caves, cheibrodos_slime_lost_civilization_7

Notes
Turn   | Place    | Note
-------+----------+-------------------------------------------
     0 | D:1      | Ambrosia the Minotaur Gladiator began the quest for the
                  | Orb.
     0 | D:1      | Reached XP level 1. HP: 18/18 MP: 0/0
     0 | D:1      | magus.rc [v1.11.6]
   108 | D:1      | Reached XP level 2. HP: 25/25 MP: 1/1
   230 | D:1      | Reached skill level 1 in Armour
   951 | D:2      | Noticed Robin
   954 | D:2      | Reached XP level 3. HP: 30/30 MP: 2/2
   959 | D:2      | Reached skill level 4 in Staves
   969 | D:2      | Reached skill level 3 in Fighting
   969 | D:2      | Reached skill level 4 in Dodging
   978 | D:2      | Killed Robin
  1020 | D:2      | Identified the amulet of Ashenzari's Grace {Reflect rC+
                  | Str+3 SH+5}
  1038 | D:2      | Found a runed translucent door.
  1039 | D:2      | Noticed Crazy Yiuf
  1078 | D:2      | Noticed Sigmund
  1083 | D:2      | Killed Sigmund
  1084 | D:2      | Reached skill level 2 in Armour
  1084 | D:2      | Reached skill level 5 in Dodging
  1084 | D:2      | Reached XP level 4. HP: 40/40 MP: 3/3
  1084 | D:2      | Reached XP level 5. HP: 46/46 MP: 4/4
  1177 | D:2      | Found a blossoming altar of Fedhas.
  1550 | D:2      | HP: 11/46 [Crazy Yiuf/+2 quarterstaff of chaos (9)]
  1555 | D:2      | Killed Crazy Yiuf
  1556 | D:2      | Reached skill level 4 in Fighting
  1556 | D:2      | Reached XP level 6. HP: 25/52 MP: 5/5
  1805 | D:3      | Reached skill level 3 in Armour
  1907 | D:3      | Reached skill level 5 in Staves
  2507 | D:4      | You add the spells Ensorcelled Hibernation, Frozen
                  | Ramparts, Ozocubu's Armour and Summon Forest to your
                  | library.
  2507 | D:4      | Got Sif Muna's Exposition on Helpful Rime
  2591 | D:4      | Noticed a dream sheep
  2591 | D:4      | Noticed a dream sheep
  2591 | D:4      | Noticed a dream sheep
  2591 | D:4      | Noticed a dream sheep
  2591 | D:4      | Noticed a dream sheep
  2591 | D:4      | Found a shimmering altar of Xom.
  2592 | D:4      | Killed a dream sheep
  2592 | D:4      | Killed a dream sheep
  2592 | D:4      | Killed a dream sheep
  2592 | D:4      | Killed a dream sheep
  2592 | D:4      | Killed a dream sheep
  2593 | D:4      | Reached skill level 6 in Dodging
  2772 | D:4      | You add the spells Jinxbite, Yara's Violent Unravelling and
                  | Enfeeble to your library.
  2885 | D:4      | Found a staircase to the Ecumenical Temple.
  2918 | Temple   | Entered the Ecumenical Temple
  2931 | Temple   | Became a worshipper of the Wu Jian Council
  3119 | D:5      | Entered Level 5 of the Dungeon
  3141 | D:5      | Reached XP level 7. HP: 48/60 MP: 6/6
  3266 | D:5      | Reached skill level 4 in Armour
  3597 | D:5      | Reached skill level 5 in Fighting
  3961 | D:5      | Reached skill level 6 in Staves
  3961 | D:5      | Reached skill level 7 in Dodging
  4250 | D:6      | Reached XP level 8. HP: 65/69 MP: 7/7
  4283 | D:6      | Reached * piety under Wu Jian
  4514 | D:6      | Found a basalt altar of Yredelemnul.
  4673 | D:6      | Noticed Pikel
  4697 | D:6      | Killed Pikel
  4698 | D:6      | Reached skill level 6 in Fighting
  4698 | D:6      | Reached skill level 5 in Armour
  4698 | D:6      | Reached skill level 8 in Dodging
  4822 | D:6      | Reached skill level 7 in Staves
  4908 | D:6      | Reached skill level 6 in Armour
  5014 | D:6      | Reached XP level 9. HP: 74/78 MP: 8/8
  5040 | D:6      | Found a white marble altar of Elyvilon.
  5167 | D:7      | Noticed Maggie
  5174 | D:7      | Reached skill level 9 in Dodging
  5181 | D:7      | Killed Maggie
  5182 | D:7      | Reached skill level 7 in Fighting
  5355 | D:7      | Identified the +0 robe "Muontuh" {rPois Regen+ Int+3}
  5592 | D:7      | You add the spells Animate Dead, Borgnjor's Vile Clutch and
                  | Death Channel to your library.
  5596 | D:7      | Found a hazy altar of Hepliaklqana.
  5635 | D:7      | Found a shimmering blue altar of Sif Muna.
  5721 | D:7      | Found Syplum's Book Shoppe.
  5776 | D:8      | Noticed Amaemon
  5779 | D:8      | Noticed an orange demon
  5899 | D:7      | Killed Amaemon
  5900 | D:7      | Reached skill level 8 in Staves
  5900 | D:7      | Reached skill level 7 in Armour
  5900 | D:7      | Reached skill level 10 in Dodging
  5981 | D:8      | Killed an orange demon
  6101 | D:8      | Found a snail-covered altar of Cheibriados.
  6160 | D:8      | Reached skill level 8 in Fighting
  6314 | D:8      | Found a sacrificial altar of Ru.
  6325 | D:8      | Noticed a manticore
  6340 | D:8      | Killed a manticore
  6341 | D:8      | Reached XP level 10. HP: 42/88 MP: 9/9
  6499 | D:8      | Found a radiant altar of Vehumet.
  6502 | D:8      | Reached ** piety under Wu Jian
  6597 | D:8      | Found a stormy altar of Qazlal.
  7100 | D:9      | Reached skill level 11 in Dodging
  7101 | D:9      | Reached skill level 8 in Armour
  7204 | D:9      | Reached skill level 9 in Staves
  7255 | D:9      | Found a glowing silver altar of Zin.
  7311 | D:9      | Found a staircase to the Lair.
  7399 | D:9      | Identified a scroll of acquirement
  7399 | D:9      | Acquired 846 gold pieces
  7596 | D:9      | Reached skill level 9 in Fighting
  7719 | D:9      | Reached skill level 12 in Dodging
  7731 | D:9      | Reached skill level 9 in Armour
  7732 | D:9      | Reached *** piety under Wu Jian
  7884 | D:9      | You add the spells Summon Small Mammal, Call Canine
                  | Familiar and Summon Blazeheart Golem to your library.
  7902 | D:9      | Reached XP level 11. HP: 97/97 MP: 10/10
  7907 | D:9      | Noticed Jeremiah
  7932 | D:9      | Killed Jeremiah
  7967 | D:10     | Entered Level 10 of the Dungeon
  7972 | D:10     | Reached skill level 10 in Staves
  8400 | D:10     | Found an iron altar of Okawaru.
  8661 | D:10     | Found a burning altar of Makhleb.
  8863 | D:10     | Noticed Snorg
  8873 | D:10     | Killed Snorg
  8874 | D:10     | Reached skill level 10 in Fighting
  8874 | D:10     | Reached skill level 13 in Dodging
  8951 | Lair:1   | Entered Level 1 of the Lair of Beasts
  9236 | Lair:1   | Reached skill level 10 in Armour
  9346 | Lair:1   | Reached **** piety under Wu Jian
  9376 | Lair:1   | Found a gate leading to a gauntlet.
  9386 | Gauntlet | Entered a Gauntlet
  9386 | Gauntlet | Found a transporter.
  9386 | Gauntlet | Found a transporter.
  9387 | Gauntlet | Noticed a death scarab
  9388 | Gauntlet | Found a transporter.
  9388 | Gauntlet | Found a transporter.
  9391 | Gauntlet | Found a transporter.
  9408 | Gauntlet | Found a transporter.
  9410 | Gauntlet | Found a large runed translucent door.
  9411 | Gauntlet | Found a large runed translucent door.
  9412 | Gauntlet | Found a large runed translucent door.
  9412 | Gauntlet | Found a large runed translucent door.
  9412 | Gauntlet | Found a runed translucent door.
  9412 | Gauntlet | Found a runed translucent door.
  9413 | Gauntlet | Found a large runed translucent door.
  9413 | Gauntlet | Found a large runed translucent door.
  9413 | Gauntlet | Found a large runed translucent door.
  9413 | Gauntlet | Found a large runed translucent door.
  9414 | Gauntlet | Found a large runed translucent door.
  9414 | Gauntlet | Found a transporter.
  9414 | Gauntlet | Found a large runed translucent door.
  9415 | Gauntlet | Found a large runed translucent door.
  9415 | Gauntlet | Found a large runed translucent door.
  9416 | Gauntlet | Found a runed translucent gate.
  9416 | Gauntlet | Found a transporter.
  9416 | Gauntlet | Found a runed translucent gate.
  9459 | Gauntlet | Found a large runed translucent door.
  9459 | Gauntlet | Found a large runed translucent door.
  9462 | Gauntlet | Found a large runed translucent door.
  9462 | Gauntlet | Found a large runed translucent door.
  9463 | Gauntlet | Found a runed translucent gate.
  9463 | Gauntlet | Noticed a shining eye
  9465 | Gauntlet | Found a transporter.
  9498 | Gauntlet | Found a transporter.
  9513 | Gauntlet | Found a transporter.
  9531 | Gauntlet | Found a transporter.
  9705 | Gauntlet | HP: 17/101 [hellion (16)]
 10049 | Gauntlet | Identified the +8 great sword of Festooned True Grit
                  | {speed, Str+4}
 10183 | Gauntlet | Noticed a minotaur
 10198 | Gauntlet | Killed a minotaur
 10199 | Gauntlet | Reached skill level 11 in Staves
 10369 | Gauntlet | You add the spells Inner Flame, Irradiate and Ignition to
                  | your library.
 10467 | Gauntlet | You add the spells Metabolic Englaciation and Sculpt
                  | Simulacrum to your library.
 10557 | Lair:1   | Found a shadowy altar of Dithmenos.
 10596 | Lair:1   | Identified the +2 ring mail "Pesumafy" {Harm}
 10964 | Lair:1   | Reached XP level 12. HP: 74/108 MP: 11/11
 11232 | Lair:2   | Noticed a death yak
 11232 | Lair:2   | Noticed a death yak
 11232 | Lair:2   | Noticed a death yak
 11232 | Lair:2   | Noticed a death yak
 11240 | Lair:1   | Reached skill level 14 in Dodging
 11290 | Lair:2   | Noticed Erica
 11301 | Lair:2   | Killed Erica
 11469 | Lair:2   | Reached skill level 11 in Fighting
 11638 | Lair:2   | Noticed a seven-headed hydra
 11781 | Lair:2   | Found a staircase to the Shoals.
 11798 | Lair:2   | Reached skill level 11 in Armour
 12084 | Lair:2   | Reached skill level 12 in Staves
 12097 | Lair:2   | Reached skill level 15 in Dodging
 12324 | Lair:2   | You add the spells Sting, Mercury Vapours and Olgreb's
                  | Toxic Radiance to your library.
 12672 | Lair:3   | Reached skill level 12 in Fighting
 12948 | Lair:3   | Reached ***** piety under Wu Jian
 12975 | Lair:3   | magus.rc [v1.11.6]
 13001 | Lair:3   | Noticed a death yak
 13016 | Lair:3   | Killed a death yak
 13092 | Lair:3   | Noticed a six-headed hydra
 13097 | Lair:3   | Killed a six-headed hydra
 13098 | Lair:3   | Reached XP level 13. HP: 94/118 MP: 12/12
 13187 | Lair:3   | Found a hole to the Spider Nest.
 13306 | Lair:3   | Reached skill level 12 in Armour
 13410 | Lair:3   | magus.rc [v1.11.6]
 14177 | Lair:4   | Reached skill level 16 in Dodging
 14449 | Lair:4   | Reached skill level 13 in Staves
 14459 | Lair:4   | Found a viscous altar of Jiyva.
 14573 | Lair:4   | Found a staircase to the Slime Pits.
 15263 | Slime:1  | Entered Level 1 of the Pits of Slime
 15272 | Lair:5   | Entered Level 5 of the Lair of Beasts
 15384 | Lair:5   | You add the spells Tukima's Dance and Passage of Golubria
                  | to your library.
 15777 | Lair:5   | Reached skill level 13 in Fighting
 16090 | Lair:5   | You add the spells Airstrike and Dragon's Call to your
                  | library.
 16090 | Lair:5   | Got the Compendium of the Stormy Band
 16108 | Lair:5   | Reached skill level 13 in Armour
 16225 | Lair:5   | Reached skill level 17 in Dodging
 16349 | Lair:5   | HP: 66/274 [death yak (11)]
 16355 | Lair:5   | HP: 38/274 [manticore (1)]
 16371 | Lair:5   | HP: 27/274 [yak (4)]
 16376 | Lair:5   | HP: 20/274 [yak (8)]
 16378 | Lair:5   | Reached XP level 14. HP: 22/129 MP: 13/13
 17230 | Lair:2   | HP: 30/129 [death yak (15)]
 17232 | Lair:2   | HP: 5/129 [yak (13)]
 17232 | Lair:2   | Demolished by a death yak

Vanquished Creatures
  Snorg (D:10)
  A minotaur (Gauntlet)
  3 hydras
  Erica (Lair:2)
  3 catoblepae (Lair:5)
  7 death yaks
  A boulder beetle (Lair:5)
  Amaemon (D:7)
  Pikel (D:6)
  2 harpies (Lair:2)
  An oklob plant (Lair:3)
  3 manticores
  19 elephants
  3 black mambas
  12 cane toads
  An unseen horror (D:10)
  A minotaur zombie (Gauntlet)
  An orange demon (D:8)
  Maggie (D:7)
  An unseen horror zombie (D:9)
  5 komodo dragons
  3 rime drakes
  A hellion (Gauntlet)
  Jeremiah (D:9)
  2 polar bears
  2 unseen horror skeletons (D:9)
  A troll (D:10)
  16 blink frogs
  Sigmund (D:2)
  2 wraiths (D:9)
  2 wyverns
  A fire elemental (Lair:1)
  50 yaks
  4 basilisks
  An unseen horror simulacrum (D:9)
  A redback simulacrum (Gauntlet)
  2 acid dragons
  2 hell hounds (Gauntlet)
  A hydra simulacrum (Gauntlet)
  16 water moccasins
  2 orc warriors
  2 sky beasts
  An ice beast (D:6)
  A black bear (D:7)
  An ogre (D:5)
  15 wolves
  A centaur (D:8)
  2 phantoms
  2 lemures (D:6)
  2 kobold brigands
  9 bullfrogs
  A gnoll sergeant (D:10)
  3 scorpions (D:5)
  3 wights (D:7)
  5 killer bees (D:10)
  2 electric eels (D:9)
  11 jellies
  A lava snake (Lair:1)
  A hound (D:6)
  Crazy Yiuf (D:2)
  5 orc priests
  A sleepcap (D:6)
  2 hell rats (Lair:3)
  An iguana (D:4)
  4 orc wizards
  A boggart simulacrum (Gauntlet)
  A howler monkey zombie (D:9)
  Robin (D:2)
  7 gnolls
  4 adders
  8 river rats (Lair:3)
  A shadow imp (D:5)
  2 white imps
  8 ufetubi
  An adder zombie (D:2)
  An adder skeleton (D:2)
  2 ribbon worms
  2 dart slugs
  19 orcs
  2 bats
  A bat skeleton (D:2)
  2 endoplasms
  3 giant cockroaches
  10 goblins
  10 hobgoblins
  A quokka (D:1)
  4 ball pythons
  A ball python skeleton (D:2)
  A ball python zombie (D:2)
  A frilled lizard (D:1)
  13 kobolds
  A quokka skeleton (D:2)
  A quokka zombie (D:2)
  17 rats
383 creatures vanquished.

Vanquished Creatures (others)
  5 dream sheep (D:4)
  11 spectral weapons
16 creatures vanquished.

Grand Total: 399 creatures vanquished

Table legend:
 A = Non-vault XP
 B = Vault XP
 C = Vault XP percentage of total XP
 D = Non-vault monster count
 E = Vault monster count
 F = Vault count percentage of total count
                 A         B        C        D         E       F
            +---------+---------+-------+---------+---------+-------
      Total |   43649 |   24759 |  36.2 |     276 |     106 |  27.7
            +---------+---------+-------+---------+---------+-------
        D:1 |      31 |       0 |   0.0 |      17 |       0 |   0.0
        D:2 |      22 |     335 |  93.8 |       6 |      23 |  79.3
        D:3 |     156 |       0 |   0.0 |      14 |       0 |   0.0
        D:4 |     147 |       0 |   0.0 |      13 |       0 |   0.0
        D:5 |     702 |       0 |   0.0 |      22 |       0 |   0.0
        D:6 |     830 |     617 |  42.6 |      18 |       1 |   5.3
        D:7 |     779 |    1161 |  59.8 |      15 |       2 |  11.8
        D:8 |     971 |     399 |  29.1 |      10 |       1 |   9.1
        D:9 |    1879 |    3636 |  65.9 |      19 |      16 |  45.7
       D:10 |    2852 |     976 |  25.5 |      21 |       1 |   4.5
     Lair:1 |    4520 |       0 |   0.0 |      21 |       0 |   0.0
     Lair:2 |    9984 |    2893 |  22.5 |      34 |       5 |  12.8
     Lair:3 |    7518 |    1924 |  20.4 |      22 |      22 |  50.0
     Lair:4 |    5867 |     167 |   2.8 |      21 |       4 |  16.0
     Lair:5 |    7391 |   10264 |  58.1 |      23 |      23 |  50.0
   Gauntlet |       0 |    2387 | 100.0 |       0 |       8 | 100.0
            +---------+---------+-------+---------+---------+-------

Skill      XL: |  1  2  3  4  5  6  7  8  9 10 11 12 13 |
---------------+----------------------------------------+-----
Armour         | 1 2 3 4 6 7 9 10 11 13 | 13.3
Staves         | 4 5 6 7 8 9 11 12 13 | 13.8
Fighting       | 3 4 5 6 8 9 10 12 13 | 13.5
Dodging        | 5 6 7 8 10 12 13 15 17 | 17.3
Throwing       | |  2.0

Action                     |  1- 3 |  4- 6 |  7- 9 | 10-12 | 13-15 || total
---------------------------+-------+-------+-------+-------+-------++-------
  Melee: Quarterstaff      |    67 |    58 |   192 |   628 |   423 ||  1368
         Headbutt          |     8 |    10 |    47 |   150 |   100 ||   315
  Throw: Throwing net      |       |     1 |     4 |     2 |       ||     7
         Javelin           |       |     1 |       |       |       ||     1
 Invoke: Serpent's Lash    |       |       |       |     1 |     2 ||     3
         Heavenly Storm    |       |       |       |       |     1 ||     1
Ability: Lunge             |       |     1 |    13 |    36 |    22 ||    72
         Wall Jump         |       |       |       |    30 |    26 ||    56
         Whirlwind         |       |       |       |    39 |    46 ||    85
  Evoke: Wand              |       |       |       |    10 |     3 ||    13
    Use: Scroll            |     3 |     8 |     5 |    10 |     6 ||    32
         Potion            |       |     1 |     1 |     3 |     9 ||    14
   Stab: Distracted        |     1 |     1 |     1 |     7 |     4 ||    14
         Sleeping          |       |       |     1 |       |     1 ||     2
         Held in net/web   |       |       |     2 |       |       ||     2
         Invisible         |       |       |       |     3 |       ||     3
 Armour: Leather armour    |    23 |    23 |    56 |       |       ||   102
         Acid dragon scale |       |       |    23 |   270 |    91 ||   384
         Skin              |       |       |       |       |    43 ||    43
  Dodge: Dodged            |    34 |    29 |   110 |   357 |   133 ||   663
  Block: Other             |       |    10 |    31 |    86 |    32 ||   159
         Reflection        |       |     2 |       |     4 |     1 ||     7

Illustrated notes

Table legend:
 A = Kills in this place as a percentage of kills in the entire game.
 B = Kills by you in this place as a percentage of kills by you in the entire game.
 C = Kills by friends in this place as a percentage of kills by friends in the entire game.
 D = Other kills in this place as a percentage of other kills in the entire game.
 E = Experience gained in this place as a percentage of experience gained in the entire game.
 F = Experience gained in this place divided by the number of levels of this place that you have seen.
                   A       B       C       D       E      F
               +-------+-------+-------+-------+-------+----------------------
         Total | 100.0 | 100.0 |   N/A | 100.0 | 100.0 | 3600.4
       Dungeon |  52.1 |  52.0 |   N/A | 100.0 |  22.6 | 1408.5
          Lair |  45.8 |  45.9 |   N/A |   0.0 |  73.9 | 10105.6
      Gauntlet |   2.1 |   2.1 |   N/A |   0.0 |   3.5 | 2387.0
               +-------+-------+-------+-------+-------+----------------------

Table legend: (Time is in decaauts)
 A = Elapsed time spent in this place.
 B = Non-inter-level travel time spent in this place.
 C = Inter-level travel time spent in this place.
 D = Time resting spent in this place.
 E = Time spent auto-exploring this place.
 F = Levels seen in this place.
 G = Mean time per level.
                   A        B        C        D        E       F      G
               +--------+--------+--------+--------+--------+-----+--------+
         Total |  17157 |  16261 |    896 |   3074 |  10797 |  19 |  903.0 |
       Dungeon |   8944 |   8552 |    392 |   1073 |   6359 |  11 |  813.1 |
        Temple |     20 |     14 |      6 |      0 |      0 |   1 |   20.0 |
          Lair |   7111 |   6613 |    498 |   1433 |   4315 |   5 | 1422.2 |
    Slime Pits |      1 |      1 |      0 |      0 |      0 |   1 |    1.0 |
      Gauntlet |   1079 |   1079 |      0 |    568 |    123 |   1 | 1079.0 |
               +--------+--------+--------+--------+--------+-----+--------+

Top non-repeatable levels by time:
  Lair:5: 1732 daAuts
  Lair:3: 1401 daAuts
  Lair:4: 1368 daAuts
  Lair:1: 1340 daAuts
  Lair:2: 1268 daAuts
     D:9: 1119 daAuts
     D:2: 1115 daAuts
Gauntlet: 1079 daAuts
     D:5: 1078 daAuts
     D:6: 960 daAuts
    D:10: 953 daAuts
     D:8: 914 daAuts
     D:7: 802 daAuts
     D:1: 753 daAuts
     D:4: 627 daAuts
